 Dungeon Crawl Stone Soup version 0.28.0-53-g5a82cb258f (webtiles) character file.

Game seed: 7467097565878110264

42 Sin92 the Skirmisher (level 3, 0/29 HPs)
             Began as a Demonspawn Fighter on July 28, 2022.
             Slain by Sigmund
             ... wielding a +0 scythe
              (5 damage)
             ... on level 2 of the Dungeon.
             The game lasted 00:00:52 (1345 turns).

Sin92 the Skirmisher (Demonspawn Fighter)           Turns: 1345, Time: 00:00:53

Health: 0/29       AC:  7    Str: 18    XL:     3   Next: 35%
Magic:  3/3        EV:  9    Int:  9    God:
Gold:   28         SH:  4    Dex: 12    Spells: 2/2 levels left

rFire   . . .      SeeInvis .   a - +0 war axe
rCold   . . .      Faith    .   c - +0 buckler
rNeg    . . .      Spirit   .   b - +0 scale mail
rPois   .          Reflect  .   (no helmet)
rElec   .          Harm     .   (no cloak)
rCorr   .          Rampage  .   (no gloves)
Will    .....                   (no boots)
Stlth   ..........              (no amulet)
HPRegen 0.09/turn               (no ring)
MPRegen 0.08/turn               (no ring)

@: no status effects
A: demonic guardian 1, sharp scales 1
a: no special abilities


You were on level 2 of the Dungeon.
You visited 1 branch of the dungeon, and saw 2 of its levels.

You collected 28 gold pieces.

Inventory:

Hand Weapons
 a - a +0 war axe (weapon)
Armour
 b - a +0 scale mail (worn)
 c - a +0 buckler (worn)
Scrolls
 h - 2 scrolls of identify {unknown}
 i - a scroll of acquirement {unknown}
 j - a scroll of vulnerability {unknown}
Potions
 d - a potion of might
 e - 2 potions of lignification {unknown}
 f - a potion of degeneration {unknown}
 g - 2 potions of curing {unknown}


   Skills:
 + Level 3.3 Fighting
 * Level 2.5 Axes
 + Level 3.0 Armour
 + Level 3.0 Shields


You had 2 spell levels left.
You didn't know any spells.
Your spell library was empty.

Dungeon Overview and Level Annotations

Branches:
Dungeon (2/15)

Altars:

Annotations:
D:2 Sigmund


Innate Abilities, Weirdness & Mutations

A weak demonic guardian rushes to your aid.
You are partially covered in razor-sharp scales. (AC +1, Slay +1)


Message History

You barely miss Sigmund.
Sigmund is lightly wounded.
Sigmund hits you with a +0 scythe.
Sigmund is nearby!
You closely miss Sigmund.
Sigmund is lightly wounded.
Sigmund hits you with a +0 scythe.
Sigmund is nearby!
You closely miss Sigmund.
Sigmund is lightly wounded.
You block Sigmund's attack.
Sigmund is nearby!
You barely miss Sigmund.
Sigmund is lightly wounded.
Sigmund barely misses you.
Sigmund is nearby!
You closely miss Sigmund.
Sigmund is lightly wounded.
Sigmund hits you but does no damage.
You barely miss Sigmund.
Sigmund is lightly wounded.
Sigmund points at you and mumbles some strange words.
You are confused.
Sigmund barely misses you.
You bump into the rock wall.
You bump into the rock wall.
Sigmund hits you from afar with a +0 scythe.
You bump into the rock wall.
Sigmund mumbles some strange words.
Sigmund flickers and vanishes!
Deactivating autopickup; reactivate with Ctrl-A.
You're too confused to move!
Something hits you!
You feel less confused. Something hits you.
* * * LOW HITPOINT WARNING * * *
A demonic guardian appears!
You hear some strange, mumbled words.
Something tries to affect you, but you resist.
Something hits you.
You die...

######### #.......#
#####.......# ##
...#.......# ..#
.........# #..#
###{5.....##
#..####..@........
#....##.####.....#
######.#..........#####
##.<....#...$....>...
#..............######
.>..............###
..................#
......).........#.#
................#.#


You could see a friendly shadow imp (summoned).

Vanquished Creatures
  A worm (D:2)
  A dart slug (D:1)
  4 bats (D:1)
  4 endoplasms (D:1)
  A giant cockroach (D:1)
  5 goblins
  8 hobgoblins (D:1)
  3 ball pythons
  2 frilled lizards (D:1)
  3 kobolds (D:1)
  A rat (D:2)
33 creatures vanquished.

Notes
Turn   | Place    | Note
-------+----------+-------------------------------------------
     0 | D:1      | Sin92 the Demonspawn Fighter began the quest for the Orb.
     0 | D:1      | Reached XP level 1. HP: 18/18 MP: 1/1
   206 | D:1      | Gained mutation: You are partially covered in razor-sharp
                  | scales. (AC +1, Slay +1) [demonic ancestry]
   206 | D:1      | Reached XP level 2. HP: 24/24 MP: 2/2
   824 | D:1      | Gained mutation: A weak demonic guardian rushes to your
                  | aid. [demonic ancestry]
   824 | D:1      | Reached XP level 3. HP: 29/29 MP: 3/3
  1324 | D:2      | Noticed Sigmund
  1345 | D:2      | Slain by Sigmund

Illustrated notes

Levels and vault maps discovered:
D:1:      dpeg_cavernosity, layout_basic, serial_co_window_serial,
          co_window_paths_b, co_window_paths_b, co_window_of_opportunity_a,
          co_window_cross_1, co_window_paths_b, co_window_of_opportunity_a,
          co_window_broadway_b, co_window_unsneaky_path_e,
          co_window_unsneaky_path_a, glass_columns_c, glass_columns_b
D:2:      layout_rooms, minmay_misc_feat_tiny, kennysheep_boxes, uniq_sigmund,
          uniq_natasha

Skill      XL: |  1  2  3 |
---------------+----------+-----
Axes           | 2 |  2.5
Shields        | 3 |  3.0
Armour         | 3 |  3.0
Fighting       | |  3.3

Action                   || total
-------------------------++-------
Melee: War axe           ||    69
Armor: Scale mail        ||    33
Dodge: Dodged            ||    32
Block: Buckler           ||    15
